[Event "Titled Tuesday Blitz July 27 2021"]
[White "Gasanov, Zaur"]
[Black "Sokolin, Leonid"]
[WhiteFideId "34125970"]
[BlackFideId "2009161"]
[WhiteElo "2099"]
[BlackElo "2394"]
[Result "1-0"]
[Round "06"]
[TimeControl "180+1"]
[Date "2021.07.27"]
[WhiteClock "0:00:13"]
[BlackClock "0:00:40"]

1. d4 Nf6 2. Nf3 e6 3. g3 c5 4. Bg2 Nc6 5. O-O Be7 6. c4 cxd4 7. Nxd4 O-O 8. b3 d5 9. Nxc6 bxc6 10. Qc2 Ba6 11. Rd1 Qa5 12. Bd2 Qb6 13. Be3 c5 14. Nc3 d4 15. Na4 Qc7 16. Bg5 Rad8 17. e3 h6 18. Bxf6 Bxf6 19. exd4 Bxd4 20. Rac1 f5 21. Qe2 f4 22. Qxe6+ Kh8 23. Rxd4 cxd4 24. Qxa6 d3 25. Qc6 Qf7 26. Qf3 Qg6 27. Rd1 fxg3 28. Qxg3 Qf6 29. c5 d2 30. c6 Qe7 31. Qe3 Qd6 32. Qc5 Qe6 33. Qe3 Qd6 34. Nc5 Rfe8 35. Ne4 Qxc6 36. Rxd2 Qc1+ 37. Bf1 Rxd2 38. Qxd2 Qc6 39. Ng3 Qf3 40. Qd3 Qf4 41. Qc4 Qf3 42. Qd3 Qf4 43. Qd7 Rf8 44. Qxa7 Qd2 45. a4 Qb2 46. Qb6 Rf3 47. b4 Ra3 48. a5 Ra1 49. a6 Qa3 50. b5 Kh7 51. Qc6 Qd3 52. Qe4+ Qxe4 53. Nxe4 Kg6 54. b6 1-0


[Site "https://www.chess.com"]

[Event "Titled Tuesday Blitz July 27 2021"]
[White "Gokerkan, Cem Kaan"]
[Black "Le, Tuan Minh"]
[WhiteFideId "6336760"]
[BlackFideId "12401153"]
[WhiteElo "2361"]
[BlackElo "2450"]
[Result "0-1"]
[Round "06"]
[TimeControl "180+1"]
[Date "2021.07.27"]
[WhiteClock "0:00:32"]
[BlackClock "0:00:29"]

1. e4 c5 2. c3 Nf6 3. e5 Nd5 4. d4 cxd4 5. Nf3 Nc6 6. cxd4 d6 7. Bc4 dxe5 8. dxe5 Ndb4 9. O-O Qxd1 10. Rxd1 Bf5 11. Na3 a6 12. Be3 e6 13. Bb3 b5 14. Rac1 Be7 15. Nb1 Na5 16. Rc7 Nxb3 17. axb3 Nd5 18. Rb7 O-O-O 19. Ra7 Nxe3 20. Rc1+ Bc5 21. Nbd2 Kb8 22. Rxf7 Bb6 23. Rc6 Nd5 24. h3 Rc8 25. Rxc8+ Rxc8 26. Rxg7 Rc1+ 27. Kh2 Bxf2 28. g4 Bg6 29. h4 Be3 30. h5 Bf4+ 31. Kh3 Bd3 32. Nd4 Bxd2 33. Nxe6 Rh1+ 34. Kg3 Be1+ 35. Kf3 Rf1+ 36. Kg2 Ne3+ 37. Kh2 Be4 38. Rg8+ Ka7 39. Rg7+ Kb6 0-1


[Site "https://www.chess.com"]

[Event "Titled Tuesday Blitz July 27 2021"]
[White "Gonzalez, Francisco Silva"]
[Black "Golubev, Mikhail"]
[WhiteFideId "1512285"]
[BlackFideId "14100983"]
[WhiteElo "2159"]
[BlackElo "2374"]
[Result "0-1"]
[Round "06"]
[TimeControl "180+1"]
[Date "2021.07.27"]
[WhiteClock "0:01:14"]
[BlackClock "0:00:22"]

1. d4 d6 2. e4 Nf6 3. f3 g6 4. c4 Bg7 5. Nc3 O-O 6. Be3 a6 7. Bd3 c5 8. dxc5 dxc5 9. Bxc5 Nc6 10. a3 Be6 11. Nd5 Nd7 12. b4 Nxc5 13. bxc5 Qa5+ 14. Kf1 Qxc5 15. Ne2 Bxa1 16. Qxa1 Ne5 17. Qxe5 Bxd5 18. exd5 Qxa3 19. Qd4 b5 20. c5 Rac8 21. c6 Rfd8 22. Qe4 e6 23. Nf4 Qc1+ 24. Kf2 Qxh1 25. dxe6 Re8 26. exf7+ Kxf7 27. Qd5+ Kg7 28. Nh5+ Kh6 29. Bf1 Qxh2 30. Ng3 Qh4 31. Qd2+ Qg5 32. f4 Qc5+ 33. Kf3 Rxc6 34. Bd3 Qc3 35. Qd1 Rd6 36. Nf5+ gxf5 37. Qh1+ Kg7 38. Qh5 Qxd3+ 39. Kf2 Qe3+ 0-1


[Site "https://www.chess.com"]

[Event "Titled Tuesday Blitz July 27 2021"]
[White "Grinblat, Dmitry"]
[Black "Wiewiora, Eneasz"]
[WhiteFideId "4163257"]
[BlackFideId "1140396"]
[WhiteElo "2446"]
[BlackElo "2312"]
[Result "0-1"]
[Round "06"]
[TimeControl "180+1"]
[Date "2021.07.27"]
[WhiteClock "0:00:14"]
[BlackClock "0:00:05"]

1. d4 d5 2. Nf3 Nf6 3. c4 e6 4. Nc3 a6 5. e3 dxc4 6. a4 c5 7. Bxc4 Nc6 8. O-O Qc7 9. Qe2 Be7 10. Rd1 O-O 11. h3 Rd8 12. d5 exd5 13. Bxd5 Nb4 14. e4 Nfxd5 15. exd5 Bf5 16. Qc4 h6 17. a5 Bd6 18. Ne4 Bxe4 19. Qxe4 Re8 20. Qc4 Qd7 21. Be3 Rac8 22. Rac1 Qf5 23. Qb3 Kh7 24. Rc3 Red8 25. Qc4 Be7 26. d6 Rxd6 27. Rxd6 Bxd6 28. Qe2 Re8 29. g4 Qb1+ 30. Kg2 Qe4 31. Rc1 Nd5 32. Re1 Bf4 33. Qd1 Bxe3 34. fxe3 Nxe3+ 35. Kg3 Nxd1 0-1


[Site "https://www.chess.com"]

[Event "Titled Tuesday Blitz July 27 2021"]
[White "Hansen, Eric"]
[Black "Balabayeva, Xeniya"]
[WhiteFideId "2606771"]
[BlackFideId "13719688"]
[WhiteElo "2568"]
[BlackElo "1988"]
[Result "1-0"]
[Round "06"]
[TimeControl "180+1"]
[Date "2021.07.27"]
[WhiteClock "0:00:16"]
[BlackClock "0:00:01"]

1. c4 e6 2. d4 d5 3. Nc3 a6 4. cxd5 exd5 5. Bf4 Nf6 6. e3 Be7 7. Bd3 h6 8. Nf3 b6 9. O-O Bb7 10. Ne5 O-O 11. Qf3 c5 12. Qh3 Ne4 13. Bxe4 dxe4 14. Rad1 Qc8 15. Qg3 Kh7 16. Nc4 Nd7 17. Bd6 Re8 18. Bxe7 Rxe7 19. d5 b5 20. Nd6 Qc7 21. Ncxe4 Nb6 22. Nxb7 Qxg3 23. hxg3 Rxb7 24. Nxc5 Rc7 25. b4 Rd8 26. e4 a5 27. d6 Ra7 28. bxa5 Nc4 29. d7 Rc7 30. Rd5 Nxa5 31. Rfd1 Nc6 32. a3 Ne7 33. Re5 Nc6 34. Re8 Kg6 35. Rd6+ Kg5 36. Rxc6 Rxc6 37. Rxd8 1-0


[Site "https://www.chess.com"]

[Event "Titled Tuesday Blitz July 27 2021"]
[White "Hasangatin, Ramil"]
[Black "Shevtchenko, Olesya"]
[WhiteFideId "4122160"]
[BlackFideId "24131890"]
[WhiteElo "2375"]
[BlackElo "2003"]
[Result "0-1"]
[Round "06"]
[TimeControl "180+1"]
[Date "2021.07.27"]
[WhiteClock "0:00:25"]
[BlackClock "0:00:17"]

1. e4 e6 2. d3 d5 3. Qe2 Be7 4. Nf3 c5 5. g3 Nc6 6. Bg2 Nf6 7. O-O O-O 8. e5 Nd7 9. c4 Qc7 10. Re1 Rd8 11. Nc3 dxc4 12. dxc4 Nd4 13. Nxd4 cxd4 14. Nb5 Qb6 15. Qg4 a6 16. Bh6 Bf8 17. Nd6 Qxb2 18. Bg5 Nxe5 19. Qe4 Rxd6 20. Qxe5 f6 21. Bxf6 gxf6 22. Qxf6 e5 23. Bd5+ Rxd5 24. cxd5 Bd7 25. Rxe5 Qxa1+ 26. Kg2 Be8 27. d6 Bg7 28. Rg5 Bg6 29. Qe6+ Kh8 30. d7 Rf8 31. Rxg6 hxg6 32. Qh3+ Kg8 33. Qe6+ Kh7 34. Qh3+ Bh6 35. Qe6 d3 36. Qe7+ Qg7 37. d8=Q Rxd8 38. Qxd8 d2 39. f4 Qb2 40. Kf3 Qc3+ 41. Ke2 Qc4+ 42. Kd1 Qc1+ 43. Ke2 Qe1+ 44. Kf3 d1=Q+ 0-1


[Site "https://www.chess.com"]

[Event "Titled Tuesday Blitz July 27 2021"]
[White "Indjic, Aleksandar"]
[Black "Tristan, Leonardo"]
[WhiteFideId "911925"]
[BlackFideId "113816"]
[WhiteElo "2643"]
[BlackElo "2404"]
[Result "1/2-1/2"]
[Round "06"]
[TimeControl "180+1"]
[Date "2021.07.27"]
[WhiteClock "0:00:04"]
[BlackClock "0:00:03"]

1. d4 Nf6 2. c4 e6 3. Nc3 Bb4 4. Qc2 d5 5. cxd5 exd5 6. Bg5 h6 7. Bh4 g5 8. Bg3 Nc6 9. e3 h5 10. Bd3 Qe7 11. Nf3 h4 12. Be5 g4 13. Bxf6 Qxf6 14. Nd2 Be6 15. a3 Bd6 16. Nb5 O-O-O 17. Nxd6+ Rxd6 18. Nb3 Rdd8 19. Nc5 g3 20. h3 gxf2+ 21. Qxf2 Qg5 22. O-O Bxh3 23. Bf5+ Bxf5 24. Qxf5+ Qxf5 25. Rxf5 h3 26. g3 Rde8 27. Rf3 Na5 28. Kf2 Nc4 29. Nd3 Nd2 30. Rf5 Ne4+ 31. Kf3 Reg8 32. g4 Rh4 33. Rxd5 Rgxg4 34. Nf4 h2 35. Rh1 Rg1 36. Rxh2 Rxh2 37. Kxe4 Rxb2 38. Rf5 Re1 39. Rxf7 Rb3 40. Nd5 c6 41. Ne7+ Kc7 42. Nf5+ Kb6 43. a4 a5 44. Re7 Ra3 45. Kf4 Rxa4 46. Nd6 Rb4 47. Nxb7 Ka6 48. Nc5+ Kb5 49. Ra7 Ra1 50. Ke5 a4 51. e4 a3 52. Nd3 Rb3 53. Nc5 Rb2 54. Nd3 Kc4 55. Rxa3 Rxa3 56. Nxb2+ Kc3 57. Nd1+ Kd3 58. Nf2+ Ke3 59. Ng4+ Kf3 60. Nf6 Ra6 61. Nd7 Ke3 62. Nc5 Ra8 63. Ne6 Re8 64. d5 cxd5 65. exd5 Kd3 66. d6 Ra8 67. d7 Kc4 68. Kd6 Ra6+ 69. Ke5 Ra5+ 70. Kf6 Ra8 71. Ke7 Ra7 72. Ke8 Rxd7 73. Kxd7 1/2-1/2


[Site "https://www.chess.com"]

[Event "Titled Tuesday Blitz July 27 2021"]
[White "Jodorcovsky Werjivker, Paulo"]
[Black "deribas12345"]
[WhiteFideId "3700305"]
[WhiteElo "2142"]
[BlackElo "2569"]
[Result "1-0"]
[Round "06"]
[TimeControl "180+1"]
[Date "2021.07.27"]
[WhiteClock "0:00:41"]
[BlackClock "0:00:14"]

1. e4 c5 2. Nc3 d6 3. Bb5+ Nc6 4. Bxc6+ bxc6 5. f4 d5 6. d3 g6 7. Nf3 Bg7 8. O-O Nf6 9. Qe1 dxe4 10. Nxe4 Nxe4 11. Qxe4 O-O 12. Qxc6 Bg4 13. Ne5 Qd4+ 14. Kh1 Be6 15. c3 Qd8 16. Be3 Bxe5 17. fxe5 Qxd3 18. Qxc5 Rfd8 19. Bd4 Rd7 20. a3 Bd5 21. Rf2 e6 22. Raf1 h5 23. Kg1 h4 24. h3 Rb8 25. Rxf7 Qe4 26. Rf8+ Kh7 27. R1f2 Qe1+ 28. Kh2 Qe4 29. Rxb8 1-0


[Site "https://www.chess.com"]

[Event "Titled Tuesday Blitz July 27 2021"]
[White "Karttunen, Mika"]
[Black "Assaubayeva, Bibisara"]
[WhiteFideId "502081"]
[BlackFideId "13708694"]
[WhiteElo "2343"]
[BlackElo "2232"]
[Result "1/2-1/2"]
[Round "06"]
[TimeControl "180+1"]
[Date "2021.07.27"]
[WhiteClock "0:00:09"]
[BlackClock "0:00:18"]

1. c4 Nf6 2. g3 g6 3. Bg2 Bg7 4. Nc3 O-O 5. d3 Nc6 6. Nf3 d6 7. O-O e5 8. Rb1 a5 9. a3 h6 10. b4 axb4 11. axb4 Be6 12. b5 Ne7 13. Bb2 Qd7 14. Re1 Bh3 15. Bh1 Nh5 16. Qb3 Kh7 17. Ne4 Be6 18. e3 f5 19. Nc3 f4 20. exf4 exf4 21. Ne4 fxg3 22. hxg3 Bg4 23. Bxg7 Nxg7 24. Nh2 Bf5 25. Qc3 Bxe4 26. Rxe4 d5 27. Re2 c6 28. Rbe1 Nef5 29. bxc6 bxc6 30. cxd5 cxd5 31. Ng4 Nxg3 32. Re7 d4 33. Rxd7 dxc3 34. fxg3 Rad8 35. Rxd8 Rxd8 36. Be4 h5 37. Ne5 Nf5 38. Kf2 Kg7 39. Bxf5 gxf5 40. Ke3 Kf6 41. d4 Rg8 42. Kf4 Rd8 43. Nf3 Rg8 44. Ne5 Rd8 45. Nc6 Rd6 46. Ne5 Rxd4+ 47. Kf3 c2 48. Rc1 Kxe5 49. Rxc2 Rd3+ 50. Kf2 Kf6 51. Kg2 Kg5 52. Rf2 Rd4 53. Kh2 Kg4 54. Kg2 Re4 55. Kh2 Kg5 56. Kg2 h4 57. gxh4+ Rxh4 58. Ra2 Rb4 59. Kg3 Rb3+ 60. Kg2 Kg4 61. Rc2 f4 62. Ra2 Rg3+ 63. Kf2 Rh3 64. Ra4 Rh2+ 65. Kg1 Rb2 66. Ra3 f3 67. Ra8 Rb1+ 68. Kf2 Rb2+ 69. Kf1 Rb4 70. Kf2 Rb2+ 71. Kf1 Kg3 72. Rg8+ Kf4 73. Rf8+ Kg3 74. Rg8+ Kf4 75. Rf8+ Kg3 76. Rg8+ 1/2-1/2


[Site "https://www.chess.com"]

[Event "Titled Tuesday Blitz July 27 2021"]
[White "Kazakov, Mikhail"]
[Black "Maevsky, Nikolay"]
[WhiteFideId "14102749"]
[BlackFideId "4198220"]
[WhiteElo "2373"]
[BlackElo "2213"]
[Result "0-1"]
[Round "06"]
[TimeControl "180+1"]
[Date "2021.07.27"]
[WhiteClock "0:00:12"]
[BlackClock "0:00:15"]

1. d4 d5 2. c4 Nc6 3. Nf3 Bg4 4. e3 e5 5. dxe5 dxc4 6. Qxd8+ Rxd8 7. Bxc4 Nxe5 8. Be2 Bxf3 9. gxf3 Nd3+ 10. Bxd3 Rxd3 11. Ke2 Rd7 12. Bd2 Ne7 13. Nc3 Nf5 14. Rhd1 Be7 15. Be1 c6 16. Ne4 h5 17. Bc3 Rh6 18. Rxd7 Kxd7 19. Rd1+ Kc8 20. Ng3 Nxg3+ 21. hxg3 Rh7 22. f4 f5 23. f3 g6 24. e4 fxe4 25. fxe4 Bd8 26. Kf3 Rd7 27. Rg1 Bb6 28. Rg2 Rd3+ 29. Ke2 Re3+ 30. Kd2 Rxe4 31. Be5 Bc7 32. Kd3 Re1 33. Bc3 Rf1 34. Ke2 Ra1 35. a3 Kd7 36. Kf3 Rf1+ 37. Ke4 Ke6 38. Re2 Rd1 39. Kf3+ Kf7 40. Rh2 Rd3+ 41. Kg2 Bd6 42. a4 b5 43. axb5 cxb5 44. Rh1 b4 45. Bh8 Rd2+ 46. Kf3 a5 47. Ra1 Rd3+ 48. Ke4 Rxg3 49. Rxa5 Rg4 50. Ra7+ Ke6 51. Ra6 Rxf4+ 52. Ke3 Rf5 53. Ke4 h4 54. Ra7 Rh5 55. Rg7 Rxh8 56. Rxg6+ Kd7 57. Kd5 Be7 58. Ra6 Rh5+ 59. Ke4 h3 0-1


[Site "https://www.chess.com"]

[Event "Titled Tuesday Blitz July 27 2021"]
[White "Khusnutdinov, Rustam"]
[Black "Quparadze, Giga"]
[WhiteFideId "13701703"]
[BlackFideId "13602250"]
[WhiteElo "2571"]
[BlackElo "2658"]
[Result "0-1"]
[Round "06"]
[TimeControl "180+1"]
[Date "2021.07.27"]
[WhiteClock "0:00:21"]
[BlackClock "0:01:12"]

1. e4 c5 2. Nf3 e6 3. g3 Nc6 4. Bg2 Nf6 5. Qe2 d6 6. O-O Be7 7. c3 Bd7 8. d4 cxd4 9. cxd4 d5 10. e5 Ne4 11. Rd1 Qb6 12. Be3 O-O 13. Ne1 f5 14. f3 Ng5 15. Nc3 Nf7 16. f4 Na5 17. Bf2 Bc6 18. Nd3 Nc4 19. b3 Na3 20. Nc5 Nd8 21. Bf1 a6 22. Rac1 Qa7 23. Qb2 Nb5 24. Ne2 b6 25. Nxe6 Ba3 26. Qc2 Bxc1 27. Nxd8 Rfxd8 28. Rxc1 Bd7 29. Bg2 Be6 30. Qc6 Kf7 31. Qc2 Rac8 32. Qb2 Rxc1+ 33. Nxc1 Qe7 34. Nd3 Rc8 35. Be1 a5 36. a4 Na3 37. Bc3 Qc7 38. Bxa5 bxa5 39. Qxa3 Qc3 0-1


[Site "https://www.chess.com"]

[Event "Titled Tuesday Blitz July 27 2021"]
[White "Kim, Sergey"]
[Black "Ivanov, Oleg"]
[WhiteFideId "13700570"]
[BlackFideId "4103114"]
[WhiteElo "2549"]
[BlackElo "2763"]
[Result "0-1"]
[Round "06"]
[TimeControl "180+1"]
[Date "2021.07.27"]
[WhiteClock "0:00:06"]
[BlackClock "0:00:07"]

1. d4 c5 2. d5 e5 3. Nc3 d6 4. e4 Be7 5. Be2 Bg5 6. Nf3 Bxc1 7. Qxc1 Nf6 8. Qg5 O-O 9. Nd2 Nbd7 10. Nc4 Nb6 11. Ne3 h6 12. Qg3 Bd7 13. a4 a6 14. O-O Nc8 15. Nc4 Rb8 16. a5 Bb5 17. f4 Bxc4 18. Bxc4 Nh5 19. Qf3 Nxf4 20. g3 Nh3+ 21. Kg2 Ng5 22. Qg4 Ne7 23. h4 Nh7 24. Rf2 Qc8 25. Be2 Qxg4 26. Bxg4 Nf6 27. Rxf6 gxf6 28. Na4 Nc8 29. Bxc8 Rbxc8 30. Nb6 Rc7 31. Nc4 Rd7 32. Rf1 Kg7 33. h5 Rg8 34. g4 Kf8 35. Kg3 Ke7 36. Rf3 Rdd8 37. Rb3 Rb8 38. Rb6 Rgd8 39. Ne3 Kd7 40. Nf5 Kc7 41. Nxh6 Rf8 42. Kh4 Rbd8 43. Rb3 Rd7 44. Rb6 Rh8 45. Nf5 Rdd8 46. h6 Rh7 47. Kh5 Rg8 48. Kh4 Rg6 49. Kh5 Rg5+ 50. Kh4 Rxf5 51. gxf5 Rxh6+ 52. Kg3 Rh1 53. Rb3 Re1 54. Kf3 Rc1 55. Rc3 Ra1 56. Ke2 Ra4 57. Re3 Ra2 58. Rb3 Kc8 59. Rb6 Kc7 60. Rb3 Ra4 61. Re3 Rc4 62. Kd2 Ra4 63. Kd3 Rxa5 64. Rh3 Ra2 65. Kc3 Ra4 66. Kd3 Ra2 67. Kc3 b5 68. Rh7 c4 69. Rxf7+ Kb6 70. Rxf6 Kc5 71. Rf8 b4+ 72. Kd2 Rxb2 73. f6 b3 74. f7 Rxc2+ 75. Kd1 Rf2 76. Rc8+ Kd4 77. f8=Q Rxf8 78. Rxf8 c3 79. Rd8 Kd3 80. Rxd6 b2 81. Rb6 c2+ 0-1


[Site "https://www.chess.com"]

[Event "Titled Tuesday Blitz July 27 2021"]
[White "Kobo, Ori"]
[Black "Dev, Shah"]
[WhiteFideId "2812320"]
[BlackFideId "35019058"]
[WhiteElo "2431"]
[BlackElo "2098"]
[Result "1-0"]
[Round "06"]
[TimeControl "180+1"]
[Date "2021.07.27"]
[WhiteClock "0:00:59"]
[BlackClock "0:01:56"]

1. d4 d5 2. c4 dxc4 3. Nf3 Nf6 4. e3 e6 5. Bxc4 c5 6. O-O a6 7. Re1 Nc6 8. Bf1 cxd4 9. exd4 Be7 10. Nc3 O-O 11. Bg5 b5 12. Rc1 Bb7 13. a3 b4 14. axb4 Nxb4 15. Ne5 Nfd5 16. Bd2 Rc8 17. Qg4 Kh8 18. Qh3 Bg5 19. Bxg5 Qxg5 20. Ne4 Qe7 21. Rxc8 Rxc8 22. Ng5 h6 23. Nexf7+ Kg8 24. Rxe6 Qf8 25. Nxh6+ gxh6 26. Rg6+ Kh8 27. Rxh6+ Kg7 28. Ne6+ 1-0


[Site "https://www.chess.com"]

[Event "Titled Tuesday Blitz July 27 2021"]
[White "Koepke, Christian"]
[Black "Dobrowolski, Piotr"]
[WhiteFideId "4655737"]
[BlackFideId "1106236"]
[WhiteElo "2216"]
[BlackElo "2304"]
[Result "0-1"]
[Round "06"]
[TimeControl "180+1"]
[Date "2021.07.27"]
[WhiteClock "0:00:07"]
[BlackClock "0:00:53"]

1. e4 c5 2. d3 Nc6 3. f4 g6 4. Nf3 Bg7 5. Be2 e6 6. O-O d5 7. c3 Nge7 8. Na3 O-O 9. Nc2 b6 10. e5 f6 11. d4 a5 12. Bd2 Ba6 13. Bxa6 Rxa6 14. Qe2 Ra7 15. Rae1 f5 16. h3 c4 17. g4 b5 18. Kh1 Qb6 19. Ne3 b4 20. Rg1 bxc3 21. Bxc3 Nb4 22. gxf5 Nxf5 23. Nxf5 Rxf5 24. Nh4 Rxf4 25. Nxg6 hxg6 26. Rxg6 Nd3 27. Reg1 Nf2+ 28. Kh2 Ne4 29. Qh5 Raf7 30. Qh6 Rf2+ 31. Kh1 Qc7 32. Rxe6 Qd7 33. Reg6 Rf1 34. e6 Nf2+ 35. Kg2 Rxg1+ 36. Kxg1 Qxe6 37. Rxg7+ Rxg7+ 0-1


[Site "https://www.chess.com"]

[Event "Titled Tuesday Blitz July 27 2021"]
[White "Krasilnikov, Evgeni"]
[Black "Vlassov, Nikolai"]
[WhiteFideId "4139739"]
[BlackFideId "4103360"]
[WhiteElo "2330"]
[BlackElo "2407"]
[Result "1-0"]
[Round "06"]
[TimeControl "180+1"]
[Date "2021.07.27"]
[WhiteClock "0:00:24"]
[BlackClock "0:00:50"]

1. e4 Nc6 2. Nf3 d5 3. exd5 Qxd5 4. Nc3 Qa5 5. d4 Bg4 6. d5 O-O-O 7. Bd2 Nb4 8. Bc4 Bxf3 9. gxf3 Nf6 10. a3 Qc5 11. axb4 Qxc4 12. Rxa7 Nxd5 13. Ra8+ Kd7 14. Rxd8+ Kxd8 15. b3 Qc6 16. Nxd5 Qxd5 17. Bc3 Qxd1+ 18. Kxd1 f6 19. Ke2 e5 20. Ra1 Kd7 21. Ra8 g6 22. Rb8 b6 23. f4 Bg7 24. Rxh8 Bxh8 25. fxe5 fxe5 26. Ke3 Ke6 27. Ke4 Bf6 28. b5 g5 29. f3 h5 30. h3 Bg7 31. Bd2 Bf6 32. c4 Be7 33. Bc3 Bf6 34. Bd2 Be7 35. Be3 Bf6 36. c5 bxc5 37. Bxc5 Bd8 38. Bb4 Bf6 39. Ba5 Bd8 40. Bc3 Bf6 41. Bb4 Bd8 42. Bc5 Bf6 43. b6 cxb6 44. Bxb6 Be7 45. Be3 Kf6 46. Bd2 Bf8 47. b4 g4 48. fxg4 hxg4 49. hxg4 Bxb4 50. Bxb4 Kg5 51. Kf3 e4+ 52. Kg3 e3 53. Be1 e2 54. Bd2+ Kf6 55. Kf3 1-0


[Site "https://www.chess.com"]

[Event "Titled Tuesday Blitz July 27 2021"]
[White "Kretov, Evgenij"]
[Black "Najdin, Danil"]
[WhiteFideId "4167821"]
[BlackFideId "4172426"]
[WhiteElo "2400"]
[BlackElo "2193"]
[Result "0-1"]
[Round "06"]
[TimeControl "180+1"]
[Date "2021.07.27"]
[WhiteClock "0:01:44"]
[BlackClock "0:01:21"]

1. d4 Nf6 2. c4 g6 3. Nc3 Bg7 4. e4 d6 5. Be2 O-O 6. Bg5 Na6 7. Qd2 e5 8. d5 Nc5 9. f3 a5 10. O-O-O Bd7 11. g4 a4 12. h4 c6 13. h5 Qb6 14. h6 Bh8 15. dxc6 bxc6 16. Qxd6 Rfb8 17. Rd2 Ne8 18. Qe7 a3 19. b3 Nxb3+ 20. axb3 Qxb3 21. Rc2 a2 22. Nxa2 Rxa2 23. Rxa2 Qxa2 24. Bd3 Rb2 25. Kd1 Qb3+ 26. Ke1 Qc3+ 27. Kf1 Qxd3+ 28. Ke1 Qb1+ 0-1


[Site "https://www.chess.com"]

[Event "Titled Tuesday Blitz July 27 2021"]
[White "Krivonosov, Oleg"]
[Black "Ginzburg, Yakov"]
[WhiteFideId "11600349"]
[BlackFideId "4157176"]
[WhiteElo "2469"]
[BlackElo "2276"]
[Result "1-0"]
[Round "06"]
[TimeControl "180+1"]
[Date "2021.07.27"]
[WhiteClock "0:01:21"]
[BlackClock "0:00:01"]

1. Nf3 Nf6 2. c4 c6 3. d4 d5 4. cxd5 cxd5 5. Nc3 Nc6 6. Bf4 Bf5 7. e3 e6 8. Qb3 Bb4 9. Bb5 O-O 10. Bxc6 Bxc3+ 11. Qxc3 Rc8 12. Ne5 bxc6 13. Bg5 Ne4 14. Bxd8 Nxc3 15. Ba5 f6 16. Nxc6 Rxc6 17. Bxc3 Bd3 18. Kd2 Bb5 19. Rhc1 e5 20. Bb4 Rfc8 21. Rxc6 Rxc6 22. Bc5 a5 23. Rc1 Kf7 24. Rc3 a4 25. Ra3 Ke6 26. b3 Ra6 27. bxa4 Bxa4 28. Kc3 Bb5 29. Rxa6+ Bxa6 30. Kb4 Bc4 31. a4 Kd7 32. Bf8 g6 33. Kc5 exd4 34. Kxd4 Kc6 35. Be7 f5 36. Ke5 Bb3 37. a5 Kb5 38. Bd8 Bc4 39. g3 Kc6 40. Kf6 Bd3 41. Bb6 1-0


[Site "https://www.chess.com"]

[Event "Titled Tuesday Blitz July 27 2021"]
[White "LEGENYA1998"]
[Black "Agibileg, Uurtsaikh"]
[BlackFideId "4901606"]
[WhiteElo "2392"]
[BlackElo "2117"]
[Result "0-1"]
[Round "06"]
[TimeControl "180+1"]
[Date "2021.07.27"]
[WhiteClock "0:00:04"]
[BlackClock "0:00:13"]

1. d4 Nf6 2. Nc3 g6 3. Bf4 d5 4. Nf3 Bg7 5. Qd2 O-O 6. h4 h5 7. e3 c5 8. O-O-O Qa5 9. Kb1 Nc6 10. dxc5 Qxc5 11. Ne5 Bf5 12. Bd3 Ne4 13. Bxe4 dxe4 14. Qd5 Qb6 15. Nc4 Qa6 16. Qb5 Qxb5 17. Nxb5 a6 18. Nc7 Rad8 19. c3 Bg4 20. Rd5 Rxd5 21. Nxd5 Rd8 22. Ndb6 Be2 23. Re1 Bd3+ 24. Kc1 e5 25. Bg3 f5 26. b4 Kf7 27. a4 Ke6 28. Nb2 Ne7 29. Rd1 Bh6 30. Nxd3 exd3 31. Kd2 f4 32. Bh2 Nf5 33. exf4 exf4 34. f3 Nxh4 35. Rg1 g5 36. Nc4 g4 37. fxg4 f3+ 38. Kd1 hxg4 39. gxf3 gxf3 40. Bg3 Nf5 41. Bf2 Kf6 42. Nd2 Re8 43. Nxf3 Re2 44. Nd4 Rxf2 0-1


[Site "https://www.chess.com"]

[Event "Titled Tuesday Blitz July 27 2021"]
[White "Lauridsen, Jesper Morch"]
[Black "Perez Gormaz, Matias"]
[WhiteFideId "1401890"]
[BlackFideId "3406342"]
[WhiteElo "2315"]
[BlackElo "2414"]
[Result "1/2-1/2"]
[Round "06"]
[TimeControl "180+1"]
[Date "2021.07.27"]
[WhiteClock "0:00:53"]
[BlackClock "0:00:18"]

1. e4 c5 2. Nf3 d6 3. d4 cxd4 4. Nxd4 Nf6 5. Nc3 a6 6. Bc4 e6 7. Bb3 Nbd7 8. f4 Nc5 9. Qf3 b5 10. f5 e5 11. Nde2 Bb7 12. Bg5 Be7 13. Bxf6 Bxf6 14. Bd5 Qb6 15. Bxb7 Qxb7 16. Nd5 Bd8 17. O-O Rc8 18. c3 Nd7 19. Rad1 Nb6 20. Kh1 Rc5 21. f6 g6 22. Nxb6 Qxb6 23. Rd2 h5 24. Rfd1 Rc6 25. Ng3 Qc7 26. Nf1 Qd7 27. Ne3 Qe6 28. Nd5 g5 29. Qf5 Qxf5 30. exf5 Kd7 31. Nb4 Rb6 32. Nd5 Rc6 33. Nb4 Rb6 34. Nd5 Rc6 1/2-1/2


[Site "https://www.chess.com"]

[Event "Titled Tuesday Blitz July 27 2021"]
[White "Lazavik, Denis"]
[Black "Shkapenko, Pavel"]
[WhiteFideId "13515110"]
[BlackFideId "4151933"]
[WhiteElo "2436"]
[BlackElo "2386"]
[Result "1/2-1/2"]
[Round "06"]
[TimeControl "180+1"]
[Date "2021.07.27"]
[WhiteClock "0:00:06"]
[BlackClock "0:00:09"]

1. d4 Nf6 2. c4 e6 3. Nf3 Bb4+ 4. Bd2 Qe7 5. g3 Nc6 6. Nc3 Bxc3 7. Bxc3 Ne4 8. Qc2 Nxc3 9. Qxc3 Qb4 10. Kd2 a5 11. Bg2 d6 12. b3 e5 13. a3 Qxc3+ 14. Kxc3 Bf5 15. dxe5 dxe5 16. Nd2 Ke7 17. Bxc6 bxc6 18. b4 Ra7 19. Nb3 axb4+ 20. axb4 Rha8 21. Na5 Bd7 22. c5 Ke6 23. Rhd1 f6 24. Rd2 Be8 25. Rad1 Rb8 26. e4 Raa8 27. f4 exf4 28. gxf4 g6 29. h4 Ke7 30. Re1 Rd8 31. Rxd8 Rxd8 32. Nb3 Ra8 33. Na5 Rd8 34. Ra1 Ra8 35. Ra2 Ke6 36. Ra3 Ke7 37. Ra1 Ke6 38. Rd1 Ke7 39. Rd4 Ke6 40. Rd2 Ke7 41. Re2 Ke6 42. Rg2 Ke7 43. h5 Ke6 44. h6 Ke7 45. Rd2 Rd8 46. Rxd8 Kxd8 47. Kd4 Ke7 48. e5 Ke6 49. exf6 Kxf6 50. Ke4 g5 51. Nc4 Bg6+ 52. Ke3 Kf5 53. fxg5 Kxg5 54. Ne5 Be8 55. Kf3 Kxh6 56. Kf4 Kg7 57. Nf3 Kf6 58. Nd4 Bd7 59. Nf3 h6 60. Nd4 h5 61. Nf3 Ke6 62. Kg5 Kd5 63. Kxh5 Ke4 64. Ng5+ Kd4 65. Kg6 Kc4 66. Kf6 Kxb4 67. Ke5 Kxc5 68. Ke4 Kd6 69. Kd4 c5+ 70. Kc3 Bc6 71. Nh3 Be4 72. Nf2 Bf5 73. Nd1 Kd5 74. Ne3+ Ke5 75. Nc4+ 1/2-1/2


[Site "https://www.chess.com"]

[Event "Titled Tuesday Blitz July 27 2021"]
[White "Leenhouts, Koen"]
[Black "Ismagilov, Damir"]
[WhiteFideId "1008439"]
[BlackFideId "34199982"]
[WhiteElo "2409"]
[BlackElo "2075"]
[Result "0-1"]
[Round "06"]
[TimeControl "180+1"]
[Date "2021.07.27"]
[WhiteClock "0:00:06"]
[BlackClock "0:00:35"]

1. d4 d5 2. c4 dxc4 3. e3 Nf6 4. Bxc4 e6 5. Nf3 c5 6. O-O a6 7. Bb3 Nc6 8. dxc5 Bxc5 9. Qxd8+ Kxd8 10. Rd1+ Ke7 11. Bd2 Ne4 12. Be1 b6 13. Nc3 Nxc3 14. Bxc3 f6 15. Rac1 Bb7 16. Ba4 Rhd8 17. b4 Rxd1+ 18. Rxd1 Bd6 19. a3 Rc8 20. Bb2 b5 21. Bb3 a5 22. Nd4 Nxd4 23. Bxd4 axb4 24. axb4 Bxb4 25. h4 Bc3 26. Bb6 Be5 27. f4 Bd6 28. Bd4 Bc5 29. Kf2 Bxd4 30. Rxd4 Rc3 31. Rb4 Bc6 32. Bd1 Rc4 33. Rb2 Rc1 34. Bf3 Kd6 35. Bxc6 Kxc6 36. h5 h6 37. g4 Kc5 38. Ra2 b4 39. Ra7 Kb6 40. Rxg7 b3 41. Rg8 Rc7 42. Rb8+ Rb7 43. Rd8 b2 44. Rd1 Kc5 45. Rb1 Kc4 46. g5 fxg5 47. fxg5 hxg5 48. Kf3 Kc3 49. Kg4 Kc2 50. Rh1 b1=Q 51. Rxb1 Kxb1 52. Kxg5 Kc2 53. e4 Kd3 54. e5 Kd4 55. Kf6 Kd5 56. h6 Rh7 57. Kg6 Rxh6+ 58. Kxh6 0-1


[Site "https://www.chess.com"]

[Event "Titled Tuesday Blitz July 27 2021"]
[White "Leve, Nitai"]
[Black "Sadovsky, Artem"]
[WhiteFideId "2006898"]
[BlackFideId "4155840"]
[WhiteElo "2144"]
[BlackElo "2442"]
[Result "0-1"]
[Round "06"]
[TimeControl "180+1"]
[Date "2021.07.27"]
[WhiteClock "0:00:08"]
[BlackClock "0:00:14"]

1. e4 g6 2. d4 Bg7 3. Nc3 c6 4. a4 d5 5. exd5 cxd5 6. Nf3 Nc6 7. Bf4 Bg4 8. Be2 a6 9. Ne5 Bxe2 10. Nxc6 Bxd1 11. Nxd8 Kxd8 12. Rxd1 e6 13. a5 Rc8 14. O-O Rc4 15. Be5 Bxe5 16. dxe5 Ne7 17. Rd3 Nc6 18. b3 Rc5 19. Ne4 Rxa5 20. Nd6 Nxe5 21. Re3 Kc7 22. Rxe5 Kxd6 23. Re2 Rc8 24. f4 Ra2 25. Rc1 Rc3 26. Kf2 b5 27. g3 a5 28. Ke1 Kc5 29. Kd2 Rxb3 0-1


[Site "https://www.chess.com"]